 Dungeon Crawl Stone Soup version 0.30-a0-170-g85af917532 (webtiles) character file.

Game seed: 7860253679310013950

4759 squinnward the Chopper (level 10, -2/74 HPs)
             Began as a Demonspawn Gladiator on Sept 30, 2022.
             Was a Believer of Uskayaw.
             Engulfed by a steam dragon's steam (5 damage)
             ... on level 8 of the Dungeon.
             The game lasted 00:30:16 (10519 turns).

squinnward the Chopper (Demonspawn Gladiator)      Turns: 10519, Time: 00:30:16

Health: -2/74      AC: 17    Str: 18    XL:     10   Next: 23%
Magic:  7/10       EV: 10    Int: 10    God:    Uskayaw [**....]
Gold:   564        SH: 11    Dex: 15    Spells: 9/9 levels left

rFire   . . .      SeeInvis .    v - +0 hand axe (elec)
rCold   + . .      Faith    .    H - +2 kite shield
rNeg    . . .      Spirit   .    O - +2 scale mail {rC+}
rPois   .          Reflect  .    c - +0 helmet
rElec   .          Harm     .    n - +0 cloak
rCorr   .          Rampage  .    K - +0 pair of gloves
Will    .....                    L - +0 pair of boots
Stlth   +.........               (no amulet)
HPRegen 0.22/turn                (no ring)
MPRegen 0.12/turn                (no ring)

@: invisible
A: icy blue scales 2, icemail 1, spiny 1, condensation shield
a: Renounce Religion, Stomp, Line Pass


You were on level 8 of the Dungeon.
You worshipped Uskayaw.
Uskayaw was noncommittal.
You visited 1 branch of the dungeon, and saw 8 of its levels.
You also visited: Sewer.

You collected 564 gold pieces.

Inventory:

Hand Weapons
 a - a +0 trident
 v - a +0 hand axe of electrocution (weapon)
 y - a +0 halberd
Missiles
 d - 4 throwing nets
 e - a javelin (quivered)
Armour
 b - a +0 leather armour
 c - a +0 helmet (worn)
 k - a +0 chain mail
 n - a +0 cloak (worn)
 H - a +2 kite shield (worn)
 K - a +0 pair of gloves (worn)
 L - a +0 pair of boots (worn)
 O - a +2 scale mail of cold resistance (worn)
Jewellery
 q - a ring of wizardry
Wands
 x - a wand of roots (7)
 M - a wand of flame (21)
 N - a wand of mindburst (14)
Scrolls
 f - a scroll of vulnerability
 g - a scroll of fog
 h - 2 scrolls of blinking
 i - a scroll of teleportation
 o - 3 scrolls of noise
 r - a scroll of amnesia
 u - a scroll of enchant weapon {unknown}
 A - a scroll of magic mapping {unknown}
 B - a scroll of identify
 D - a scroll of torment
 E - a scroll of immolation {unknown}
 F - a scroll of fear {unknown}
 G - 3 scrolls of poison
 J - a scroll of summoning {unknown}
Potions
 j - 2 potions of attraction
 l - a potion of lignification
 m - a potion of invisibility
 p - a potion of might
 s - 5 potions of degeneration
 t - 2 potions of ambrosia
 w - 5 potions of brilliance
 z - a potion of haste
 C - a potion of resistance
 I - a potion of mutation {unknown}


   Skills:
 + Level 5.3 Fighting
 + Level 7.9(8.3) Axes
 + Level 3.9(6.3) Polearms
 + Level 2.0 Throwing
 + Level 6.0 Armour
 + Level 4.3 Dodging
 + Level 4.7 Stealth
 + Level 5.0 Shields


You had 9 spell levels left.
You didn't know any spells.
Your spell library contained the following spells:

 Spells                   Type           Power      Damage    Failure   Level
 Freeze                   Ice            0%         1d3       97%         1
 Sting                    Tmut/Pois      0%         1d3       97%         1
 Poisonous Vapours        Pois/Air       0%         N/A       99%         2
 Frozen Ramparts          Ice            0%         1d1       100%        3
 Hailstorm                Conj/Ice       0%         3d3       100%        3
 Olgreb's Toxic Radiance  Pois           0%         N/A       100%        4


Dungeon Overview and Level Annotations

Branches:
Dungeon (8/15)             Temple (0/1) D:4           Sewer (visited)
   Lair: D:8-11

Altars:
Gozag
Sif Muna
Uskayaw
Wu Jian
Yredelemnul

Shops:
D:2 *

Annotations:
D:3 2 transporters, Tollund's ghost, weakling DsHW


Innate Abilities, Weirdness & Mutations

You are mostly covered in icy blue scales. (AC +3)
A meltable icy envelope protects you from harm. (AC +0)
You are partially covered in sharp spines.
A meltable shield of frost defends you. (SH +0)


Message History

The ball of steam hits you.
You hear a bellow! x4
You hit the steam dragon but do no damage.
The steam dragon is lightly wounded.
The steam dragon is struck by your spines.
The steam dragon bites you but does no damage.
The steam dragon closely misses you.
You hit the steam dragon.
Lightning courses through the steam dragon!
The steam dragon is severely wounded.
You block the steam dragon's attack. x2
You closely miss the steam dragon.
The steam dragon is severely wounded.
You block the steam dragon's attack.
The steam dragon claws you but does no damage.
You closely miss the steam dragon.
The steam dragon is severely wounded.
You hit the yak. Lightning courses through the yak!
A yak comes into view.
You block the yak's attack. The steam dragon closely misses you. x2
You can now pass through a line of other dancers.
You barely miss the steam dragon.
The steam dragon is severely wounded.
You hit the yak. The yak is struck by your spines. The yak gores you!
The steam dragon breathes steam at you. The ball of steam hits you!!
* * * LOW HITPOINT WARNING * * *
You hear a shout! x2
You stomp with the beat, sending a shockwave through the revellers around you!
The yak is almost dead.
The steam dragon is severely wounded.
You are engulfed in a cloud of scalding steam.
* * * LOW HITPOINT WARNING * * *
You block the yak's attack. The steam dragon breathes steam at you.
The ball of steam misses you.
You hear a bellow!
You hear a shout!
Okay, then.
You fade into invisibility!
You die...

##########
#........#######
#........##....#
#........##.#'#######
#........##.........#
#.$.D....##.........#
#..Y@....+#.........#
#........+#.........#
###Y..§...............#
......§§.........(....#
#####..§.......#'##+###
........###......##.#
...####...###.......#
## ###.# #.##..<##
.######.###÷##.######


You could see 2 yaks and a steam dragon (unable to see you, catching breath).

Vanquished Creatures
  A two-headed ogre (D:5)
  The ghost of sirJeffrey23 the Cleaver, a novice HOFi of Beogh (D:5)
  Grinder (D:5)
  A hornet (D:8)
  A wyvern (D:8)
  5 yaks (D:8)
  A steam dragon (D:6)
  A water moccasin (D:7)
  A sky beast (D:7)
  2 black bears
  An orc warrior (D:5)
  An ogre (D:5)
  2 centaurs
  2 kobold brigands
  Blork the orc (D:6)
  2 bullfrogs
  2 necrophages
  2 gnoll sergeants (D:5)
  3 howler monkeys
  2 jellies
  6 orc priests
  4 hounds
  Ijyb (D:3)
  5 iguanas
  8 orc wizards
  13 adders
  9 gnolls
  4 river rats (Sewer)
  A white imp (D:7)
  A worm (D:4)
  4 dart slugs
  29 orcs
  10 endoplasms
  2 giant cockroaches (D:5)
  A goblin (D:2)
  2 hobgoblins
  11 kobolds
  9 ball pythons
  4 bats
  8 frilled lizards
  16 rats
181 creatures vanquished.

Notes
Turn   | Place    | Note
-------+----------+-------------------------------------------
     0 | D:1      | squinnward the Demonspawn Gladiator began the quest for the
                  | Orb.
     0 | D:1      | Reached XP level 1. HP: 16/16 MP: 1/1
   149 | D:1      | Gained mutation: You are partially covered in icy blue
                  | scales. (AC +2) [demonic ancestry]
   149 | D:1      | Reached XP level 2. HP: 18/22 MP: 2/2
   892 | D:2      | Reached XP level 3. HP: 17/27 MP: 3/3
  1032 | D:2      | Found a faded altar of an unknown god.
  1495 | D:2      | Found Puxawnayji's Assorted Antiques.
  1975 | D:3      | Found a transporter.
  1977 | D:3      | Noticed Tollund's ghost (weakling DsHW)
  1979 | D:3      | Noticed a sky beast
  2049 | D:3      | Found a transporter.
  2054 | D:3      | Reached XP level 4. HP: 21/33 MP: 4/4
  3047 | D:3      | Noticed Ijyb
  3060 | D:3      | Killed Ijyb
  3204 | D:3      | Reached skill level 1 in Armour
  3204 | D:3      | Gained mutation: You are mostly covered in icy blue scales.
                  | (AC +3) [demonic ancestry]
  3204 | D:3      | Reached XP level 5. HP: 35/39 MP: 5/5
  3632 | D:4      | Noticed a +0 dagger
  3634 | D:4      | Noticed a +0 hand axe
  3636 | D:4      | Found a hide-covered altar of Uskayaw.
  3642 | D:4      | Found a staircase to the Ecumenical Temple.
  3669 | D:4      | Became a worshipper of Uskayaw the Reveller
  3695 | D:4      | Reached * piety under Uskayaw
  4073 | D:4      | Reached skill level 1 in Axes
  4076 | D:4      | Reached ** piety under Uskayaw
  4940 | D:5      | Entered Level 5 of the Dungeon
  4940 | D:5      | Noticed Grinder
  4953 | D:5      | Killed Grinder
  4954 | D:5      | Reached skill level 3 in Axes
  4954 | D:5      | Reached XP level 6. HP: 47/47 MP: 6/6
  5171 | D:5      | Found a glowing drain.
  5196 | Sewer    | Entered a sewer
  5206 | Sewer    | Gained mutation: A meltable shield of frost defends you.
                  | (SH +0) [demonic ancestry]
  5206 | Sewer    | Reached XP level 7. HP: 49/52 MP: 7/7
  5225 | Sewer    | Reached *** piety under Uskayaw
  5229 | Sewer    | Reached **** piety under Uskayaw
  5318 | Sewer    | Reached skill level 1 in Stealth
  5763 | D:5      | Reached skill level 4 in Axes
  5764 | D:5      | Reached skill level 1 in Shields
  6190 | D:5      | Found an ornate altar of the Wu Jian Council.
  6605 | D:5      | Reached XP level 8. HP: 30/60 MP: 8/8
  7430 | D:5      | Reached skill level 5 in Axes
  7579 | D:5      | Found a runed translucent gate.
  7579 | D:5      | Found a runed translucent gate.
  7579 | D:5      | Found a runed translucent gate.
  7580 | D:5      | Found an opulent altar of Gozag.
  7582 | D:5      | Noticed sirJeffrey23's ghost (novice HOFi)
  7583 | D:5      | Noticed a two-headed ogre
  8427 | D:6      | Found a basalt altar of Yredelemnul.
  8427 | D:6      | Found an opulent altar of Gozag.
  8502 | D:6      | Reached skill level 6 in Axes
  8589 | D:6      | Noticed Blork the orc
  8602 | D:6      | Killed Blork the orc
  8603 | D:6      | Gained mutation: You are partially covered in sharp spines.
                  | [demonic ancestry]
  8603 | D:6      | Reached XP level 9. HP: 53/66 MP: 4/9
  8982 | D:5      | Killed sirJeffrey23's ghost
  8982 | D:5      | Killed a two-headed ogre
  8983 | D:5      | Reached skill level 5 in Fighting
  8983 | D:5      | Reached skill level 7 in Axes
  8983 | D:5      | Reached skill level 5 in Armour
  8989 | D:5      | Reached ***** piety under Uskayaw
 10105 | D:8      | Gained mutation: A meltable icy envelope protects you from
                  | harm. (AC +0) [demonic ancestry]
 10105 | D:8      | Reached XP level 10. HP: 48/74 MP: 10/10
 10351 | D:8      | Found a shimmering blue altar of Sif Muna.
 10471 | D:8      | Reached skill level 5 in Shields
 10518 | D:8      | HP: 2/74 [steam dragon] (11)]
 10519 | D:8      | Engulfed by a steam dragon's steam

Illustrated notes

Levels and vault maps discovered:
D:1:      wander_arrival_desolate, layout_loops_cross, roderic_roman_lattice,
          minivault_24
D:2:      layout_basic, serial_shops, nicolae_shop_behind_doors,
          hellmonk_ecumenical_altar_crossroads
D:3:      layout_basic, gammafunk_ghost_arena, uniq_ijyb
D:4:      layout_loops_corners, dancing_weapons_uskayaw,
          minmay_temple_entry_arrows
D:5:      layout_rooms, nzn_wu_jian_council_hall, overflow_temple_1_default,
          portal_sewer_entry_b, serial_corexii_hall, corexii_hall_statues_i,
          corexii_hall_statues_x, corexii_hall_statues_i,
          chequers_hall_statues_y, corexii_hall_statues_t,
          chequers_hall_statues_y, ebering_ghost_gozag, uniq_grinder
D:6:      layout_cave_pools, mainiacjoe_overflow_divided_tiny,
          uniq_blork_the_orc
D:7:      layout_loops_ring, lemuel_flame_loot_1
D:8:      layout_basic, mainiacjoe_overflow_small_starburst, enter_bailey_3

Skill      XL: |  1  2  3  4  5  6  7  8  9 10 |
---------------+-------------------------------+-----
Throwing       | 2 |  2.0
Dodging        | 3 4 |  4.3
Polearms       | 3 |  3.9
Armour         | 1 2 3 4 5 6 |  6.0
Axes           | 3 4 6 7 |  7.9
Fighting       | 3 4 5 |  5.3
Stealth        | 2 3 4 |  4.7
Shields        | 1 2 4 5 |  5.0

Action                   |  1- 3 |  4- 6 |  7- 9 | 10-12 || total
-------------------------+-------+-------+-------+-------++-------
Melee: Trident           |    85 |       |       |       ||    85
       Punch             |     1 |     1 |     3 |       ||     5
       Hand axe          |    12 |   131 |   344 |    59 ||   546
Throw: Javelin           |       |       |     1 |       ||     1
Invok: Stomp             |       |     5 |     5 |     1 ||    11
       Line Pass         |       |       |     5 |     1 ||     6
  Use: Scroll            |     4 |     2 |    16 |       ||    22
       Potion            |       |     2 |     4 |     1 ||     7
 Stab: Sleeping          |     1 |       |       |       ||     1
       Paralysed         |       |       |    13 |       ||    13
       Confused          |       |       |     2 |       ||     2
Armor: Leather armour    |     6 |       |       |       ||     6
       Chain mail        |    44 |    80 |   172 |    17 ||   313
       Skin              |       |       |     4 |       ||     4
       Scale mail        |       |       |       |     4 ||     4
Dodge: Dodged            |    32 |    64 |    98 |    11 ||   205
Block: Other             |       |       |    21 |       ||    21
       Kite shield       |       |       |   137 |    41 ||   178

Table legend: (Time is in decaauts)
 A = Elapsed time spent in this place.
 B = Non-inter-level travel time spent in this place.
 C = Inter-level travel time spent in this place.
 D = Time resting spent in this place.
 E = Time spent auto-exploring this place.
 F = Levels seen in this place.
 G = Mean time per level.
                   A        B        C        D        E       F      G
               +--------+--------+--------+--------+--------+-----+--------+
         Total |  10678 |  10461 |    217 |   3155 |   4558 |   9 | 1186.4 |
       Dungeon |  10161 |   9944 |    217 |   3155 |   4440 |   8 | 1270.1 |
         Sewer |    516 |    516 |      0 |      0 |    118 |   1 |  516.0 |
               +--------+--------+--------+--------+--------+-----+--------+

Top non-repeatable levels by time:
     D:5: 3161 daAuts
     D:3: 1678 daAuts
     D:4: 1344 daAuts
     D:2: 1130 daAuts
     D:6: 864 daAuts
     D:1: 829 daAuts
     D:7: 705 daAuts
   Sewer: 516 daAuts
     D:8: 448 daAuts
